AoeStats
← Carple

Golden Pit

503289502Analyzed
1v1 RM · 1mo ago on Aug 31, 2026· 48m 26s· 2 players
Game mode
Random Map
Map size
Tiny (2 player)
Population
200
Speed
Normal
Resources
Standard
Victory
Conquest
Starting age
Dark Age
Ending age
Imperial Age
RankedLock teamsTeams togetherTeam positionsShared explorationLock speedFull tech treeHidden civsTurbo modeCheats
Victory
Defeat
🇨🇦 Spanish · Canada
1113
+15
🇧🇷 Franks · Brazil
1089
-15
iorek
9:21 Feudal Age
7:36 Loom
9:53 Double-Bit Axe
17:49 Scale Barding Armor
18:43 Forging
23:27 Castle Age
25:28 Husbandry
31:18 Fletching
31:29 Padded Archer Armor
31:14 Elite Skirmisher
Carple
4:23 Loom
10:52 Feudal Age
11:36 Double-Bit Axe
17:29 Castle Age
16:04 Stone Mining
16:07 Horse Collar
18:59 Husbandry
19:10 Bloodlines
37:23 Wheelbarrow
41:06 Bow Saw
48:18 Imperial Age
46:08 Scale Barding Armor
46:13 Forging
46:18 Gold Mining
46:28 Town Watch
47:08 Fletching
48:15 Pikeman
48:56 Squires
48:42 Gambesons
Connection lost

Rejoining the realm…

Still unreachable

The connection could not be restored.

Session expired

The server has moved on; the page needs a fresh start.